 Dungeon Crawl Stone Soup version 0.31.0-11-ge490571c62 (webtiles) character file.

Game seed: 6682976419084630611

32 qw the Shooter (level 3, 0/20 HPs)
             Began as a Deep Elf Hunter on Feb 4, 2024.
             Slain by Sigmund
             ... wielding a +0 scythe
              (7 damage)
             ... on level 2 of the Dungeon.
             The game lasted 00:00:02 (792 turns).

qw the Shooter (Deep Elf Hunter)                     Turns: 792, Time: 00:00:02

Health: 0/20       AC:  6    Str: 10    XL:     3   Next: 8%
Magic:  5/5        EV: 11    Int: 13    God:
Gold:   75         SH:  0    Dex: 18    Spells: 2/2 levels left

rFire   . . .        a - +0 shortbow
rCold   . . .        (shield currently unavailable)
rNeg    . . .        g - +1 ring mail
rPois   .            (no helmet)
rElec   .            (no cloak)
rCorr   .            (no gloves)
SInv    .            (no boots)
Will    .....        (no amulet)
Stlth   +            (no ring)
HPRegen 0.23/turn    (no ring)
MPRegen 0.09/turn

%: no passive effects
@: no status effects
A: no striking features
a: no special abilities


You were on level 2 of the Dungeon.
You visited 1 branch of the dungeon, and saw 2 of its levels.

You collected 75 gold pieces.


   Skills:
 - Level 1.5 Fighting
 + Level 6.7 Ranged Weapons
 - Level 2.4 Dodging
 - Level 1.2 Stealth


You had 2 spell levels left.
You didn't know any spells.
Your spell library was empty.

Inventory:

Hand Weapons
 a - a +0 shortbow (weapon)
Armour
 g - a +1 ring mail (worn)

Dungeon Overview and Level Annotations

Branches:
Dungeon (2/15)

Altars:

Annotations:
D:2 Sigmund


Message History

Sigmund the Dreaded comes into view.
He is wielding a +0 scythe.
You have reached level 3!
Your experience leads to an increase in your attributes!
Increase (S)trength, (I)ntelligence, or (D)exterity?
You feel stronger. x2
You shoot an arrow.
Sigmund shouts!
The arrow hits the kobold.
The kobold is heavily wounded.
You shoot an arrow. The arrow hits the bat!
You kill the bat!
A kobold comes into view. It is wielding a +0 short sword.
You shoot an arrow. The arrow closely misses the kobold.
You shoot an arrow. The arrow closely misses the kobold.
The kobold closely misses you.
You shoot an arrow. The arrow hits the kobold!
You kill the kobold!
Sigmund gestures at you while chanting.
You are confused.
783 ||| DRINKING puce potion.
It was a potion of heal wounds.
You feel much better. Sigmund completely misses you.
Sigmund casts a spell.
Sigmund flickers and vanishes!
Deactivating autopickup; reactivate with Ctrl-A.
The kobold hits you but does no damage. Something hits you but does no damage.
The kobold hits you but does no damage.
You feel less confused. The kobold misses you. Something hits you!
You shoot an arrow. The arrow closely misses the kobold.
The kobold hits you but does no damage. Something hits you but does no damage.
You shoot an arrow. The arrow hits the kobold!
You kill the kobold!
You shoot an arrow. Something hits you.
You shoot an arrow. Something hits you.
You shoot an arrow. Something hits you!
You die...

.. ######## ...
#......# ....
#......#####..###
#####.<..........
#####.##..##.
#.## ... #.<## .
##.@#
.........){.)...
.......##.......
....... .....)(
......# ###....
#...## ##.# ###.
# #


There were no monsters in sight!

Vanquished Creatures
  3 bats
  2 endoplasms (D:1)
  5 goblins
  2 hobgoblins (D:1)
  2 quokkas (D:1)
  5 ball pythons
  A frilled lizard (D:1)
  6 kobolds
  3 rats (D:1)
29 creatures vanquished.

Notes
Turn   | Place    | Note
-------+----------+-------------------------------------------
     0 | D:1      | qw the Deep Elf Hunter began the quest for the Orb.
     0 | D:1      | Reached XP level 1. HP: 12/12 MP: 3/3
     0 | D:1      | 0 ||| qw: Version: 0.3-a-160-g6735b56
     0 | D:1      | 0 ||| qw: Game counter: 4419
     0 | D:1      | 0 ||| qw: Melee chars always use a shield: true
     0 | D:1      | 0 ||| qw: God list: Okawaru
     0 | D:1      | 0 ||| qw: Allow faded altars: false
     0 | D:1      | 0 ||| qw: Do Orc after clearing Dungeon:15 true
     0 | D:1      | 0 ||| qw: Do second Lair branch before Depths: true
     0 | D:1      | 0 ||| qw: Lair rune preference: random
     0 | D:1      | 0 ||| qw: Goals: Normal
     0 | D:1      | 0 ||| PLANNING D:1-11
   136 | D:1      | Reached XP level 2. HP: 16/16 MP: 4/4
   139 | D:1      | Reached skill level 6 in Ranged Weapons
   294 | D:1      | Found a faded altar of an unknown god.
   586 | D:1      | 586 ||| UPGRADING to +0 ring mail.
   596 | D:1      | 596 ||| DROPPING +0 leather armour.
   597 | D:1      | 597 ||| READING scroll labelled JUTABO DOXEWY.
   598 | D:1      | 598 ||| READING scroll labelled RIEV ORE UPEUMP.
   598 | D:1      | 598 ||| ENCHANTING +0 ring mail.
   599 | D:1      | 599 ||| READING scroll labelled QOXOSUOHUN.
   700 | D:1      | 700 ||| READING scroll labelled MOPPOH TIMUNOT.
   704 | D:1      | 704 ||| READING scroll labelled DUYQUMAONU.
   732 | D:1      | 732 ||| DROPPING scroll of butterflies.
   777 | D:2      | Noticed Sigmund
   778 | D:2      | Reached XP level 3. HP: 20/20 MP: 5/5
   783 | D:2      | 783 ||| DRINKING puce potion.
   792 | D:2      | Slain by Sigmund

Levels and vault maps discovered:
D:1:      tarquinn_simple_flora_water_b, layout_loops_cross, serial_forest,
          infiniplex_forest_straight_3, infiniplex_forest_lined_room_,
          infiniplex_forest_lined_3, infiniplex_forest_lined_corner,
          infiniplex_forest_zigzag_1, shapermc_ecumenical_altar_rom_forum
D:2:      layout_rooms, basic_altar, uniq_terence, uniq_sigmund

Skill      XL: |  1  2 |
---------------+-------+-----
Ranged Weapons | 6 |  6.7
Fighting       | |  1.5
Dodging        | |  2.4
Stealth        | |  1.2

Action                     || total
---------------------------++-------
   Fire: Shortbow          ||    58
    Use: Scroll            ||     5
         Potion            ||     1
 Armour: Leather armour    ||     6
         Ring mail         ||     9
  Dodge: Dodged            ||     8

Table legend:
 A = Non-vault XP
 B = Vault XP
 C = Vault XP percentage of total XP
 D = Non-vault monster count
 E = Vault monster count
 F = Vault count percentage of total count
                 A         B        C        D         E       F
            +---------+---------+-------+---------+---------+-------
      Total |      46 |       0 |   0.0 |      29 |       0 |   0.0
            +---------+---------+-------+---------+---------+-------
        D:1 |      37 |       0 |   0.0 |      23 |       0 |   0.0
        D:2 |       9 |       0 |   0.0 |       6 |       0 |   0.0
            +---------+---------+-------+---------+---------+-------
